 Dungeon Crawl Stone Soup version 0.27-a0-1149-g4505690ab0 (webtiles) character file.

Game seed: 10096914046100797916

1855 HoaS the Cruncher (level 9, 0/48 HPs)
             Began as a Gargoyle Gladiator on May 12, 2021.
             Was a Believer of Okawaru.
             Slain by an orc warrior
             ... wielding a +0 scimitar
              (6 damage)
             ... on level 6 of the Dungeon.
             The game lasted 00:15:57 (7321 turns).

HoaS the Cruncher (Gargoyle Gladiator)              Turns: 7321, Time: 00:15:58

Health: 0/48       AC: 17    Str: 20    XL:     9   Next: 12%
Magic:  11/11      EV: 12    Int:  9    God:    Okawaru [**....]
Gold:   306        SH:  0    Dex: 12    Spells: 8/8 levels left

rFire    + . .     SeeInvis .   a - +0 quarterstaff
rCold    . . .     Faith    .   (shield currently unavailable)
rNeg     + . .     Spirit   .   n - +0 chain mail
rPois    ∞         Reflect  .   c - +2 helmet
rElec    +         Harm     .   (no cloak)
rCorr    .         Rampage  .   (no gloves)
Will     .....                  (no boots)
Stlth    ..........             (no amulet)
HPRegen  0.16/turn              q - ring of protection from fire
MPRegen  0.12/turn              u - +4 ring of evasion

@: mighty
A: sickness immunity, AC +6, negative energy resistance 1, electricity
resistance, torment resistance 1, petrification resistance
a: Renounce Religion, Heroism


You were on level 6 of the Dungeon.
You worshipped Okawaru.
Okawaru was pleased with you.
You visited 2 branches of the dungeon, and saw 8 of its levels.

You collected 306 gold pieces.

Inventory:

Hand Weapons
 a - a +0 quarterstaff (weapon)
Missiles
 h - 96 arrows
 k - 7 poisoned darts
 r - a curare-tipped dart
Armour
 c - a +2 helmet (worn)
 n - a +0 chain mail (worn)
Jewellery
 q - a ring of protection from fire (left hand)
 u - a +4 ring of evasion (right hand)
 w - a ring of positive energy
Wands
 f - a wand of flame (17) (quivered)
 y - a wand of paralysis (5)
Scrolls
 p - a scroll of teleportation
Potions
 b - 3 potions of cancellation
 d - a potion of berserk rage {unknown}
 e - a potion of invisibility {unknown}
 g - 2 potions of flight
 i - a potion of might
 j - 3 potions of curing
 l - 3 potions of heal wounds {unknown}
 m - 2 potions of lignification {unknown}
 o - a potion of haste {unknown}
 s - a potion of magic {unknown}
 t - 2 potions of attraction {unknown}


   Skills:
 - Level 2.1 Fighting
 * Level 11.2 Staves
 - Level 2.0 Bows
 - Level 1.7 Throwing
 - Level 2.4 Dodging
 - Level 3.0 Invocations


You had 8 spell levels left.
You didn't know any spells.
Your spell library contained the following spells:

 Spells                   Type           Power      Damage    Failure   Level
 Corona                   Hex            0%         N/A       99%         1
 Slow                     Hex            0%         N/A       100%        2
 Inner Flame              Hex/Fire       0%         N/A       100%        3
 Portal Projectile        Hex/Tloc       0%         N/A       100%        3
 Cause Fear               Hex            0%         N/A       100%        4
 Leda's Liquefaction      Hex/Erth       0%         N/A       100%        4


Dungeon Overview and Level Annotations

Branches:
Dungeon (7/15)             Temple (1/1) D:4

Altars:
Ashenzari
Cheibriados
Dithmenos
Elyvilon
Fedhas
Gozag
Hepliaklqana
Kikubaaqudgha
Makhleb
Nemelex Xobeh
Okawaru
Qazlal
Ru
Trog
Uskayaw
Vehumet
Wu Jian
Xom
Yredelemnul
Zin
The Shining One

Shops:
D:6 *


Innate Abilities, Weirdness & Mutations

You are immune to sickness and miasma.
Your stone body is resilient. (AC +6)
You are immune to poison.
You resist negative energy. (rN+)
You are resistant to electric shocks. (rElec)
You are resistant to unholy torment.
You are immune to petrification.


Message History

You closely miss the orc priest. The orc warrior barely misses you.
The orc priest barely misses you.
You closely miss the orc priest.
The orc priest hits you but does no damage.
The orc warrior barely misses you.
You hit the orc priest.
The orc priest is moderately wounded.
The orc priest misses you.
The orc warrior hits you with a +0 scimitar.
You barely miss the orc priest.
The orc priest is moderately wounded.
The orc priest hits you with a +2 dagger of speed.
You hit the orc priest.
The orc priest is moderately wounded.
The orc priest hits you but does no damage.
The orc warrior hits you but does no damage.
You thump the orc priest!
You kill the orc priest!
Okawaru accepts your kill.
The orc warrior jeers loudly, as Orcs often do.
The orc warrior hits you but does no damage.
You feel very mighty all of a sudden.
The orc warrior hits you with a +0 scimitar.
You sock the orc warrior!
The orc warrior is moderately wounded.
You closely miss the orc warrior.
The orc warrior is moderately wounded.
The orc warrior closely misses you.
You thump the orc warrior!
The orc warrior is severely wounded.
The orc warrior hits you with a +0 scimitar.
* * * LOW HITPOINT WARNING * * *
You closely miss the orc warrior.
The orc warrior is severely wounded.
The orc warrior hits you with a +0 scimitar.
* * * LOW HITPOINT WARNING * * *
You hit the orc warrior.
The orc warrior is almost dead.
The orc warrior hits you with a +0 scimitar.
You die...

..<# ####### ...#
##.....## ...#
##.......## ...#
#.........# ...#
#.........# ...##
#.........# ....###
#.........# .>..).##
#.).......# #####
...##..# ##.@o....##
#.... ...###.##
#.[[......# #.... ####
#Z.# #.........# #....
##.# #.........# #....
#.# #.........# #.<..
#Z######.........#
###....
#######.....#.........##
#...†..
........###....#.....##
#.##### ........#
#..#...##### ##.#####


You could see an orc warrior.

Vanquished Creatures
  2 black bears
  A sky beast (D:5)
  3 ogres
  A necrophage (D:5)
  2 bullfrogs
  A kobold brigand (D:5)
  Blork the orc (D:4)
  5 scorpions
  4 wights
  2 centaur zombies
  2 hounds
  A jelly (D:6)
  4 orc priests
  A bullfrog skeleton (D:5)
  Ijyb (D:5)
  3 iguanas
  A hound skeleton (D:5)
  An adder (D:3)
  A white imp (D:6)
  A worm (D:2)
  A dart slug (D:1)
  22 orcs
  7 ball pythons
  A bat (D:1)
  8 endoplasms
  2 giant cockroaches
  12 goblins
  6 hobgoblins
  3 jackals (D:4)
  3 quokkas
  3 frilled lizards
  13 kobolds
  8 rats
127 creatures vanquished.

Notes
Turn   | Place    | Note
-------+----------+-------------------------------------------
     0 | D:1      | HoaS the Gargoyle Gladiator began the quest for the Orb.
     0 | D:1      | Reached XP level 1. HP: 12/12 MP: 1/1
   358 | D:1      | Reached XP level 2. HP: 17/17 MP: 2/2
   736 | D:1      | Reached skill level 4 in Staves
   793 | D:1      | Reached XP level 3. HP: 21/21 MP: 3/3
  1533 | D:2      | Noticed an ogre
  1547 | D:2      | Killed an ogre
  1548 | D:2      | Reached skill level 5 in Staves
  1548 | D:2      | Reached XP level 4. HP: 4/26 MP: 4/4
  1548 | D:2      | Reached XP level 5. HP: 5/30 MP: 5/5
  1984 | D:2      | Found a faded altar of an unknown god.
  2278 | D:3      | Found a broken altar of Ashenzari.
  2348 | D:3      | Reached skill level 6 in Staves
  2430 | D:3      | Reached XP level 6. HP: 19/35 MP: 6/6
  3301 | D:4      | Reached skill level 7 in Staves
  3459 | D:4      | Found a staircase to the Ecumenical Temple.
  3520 | D:4      | Noticed Blork the orc
  3530 | D:4      | Killed Blork the orc
  3546 | Temple   | Entered the Ecumenical Temple
  3553 | Temple   | Became a worshipper of Warmaster Okawaru
  4168 | D:5      | Entered Level 5 of the Dungeon
  4183 | D:5      | Reached skill level 1 in Bows
  4183 | D:5      | Reached skill level 1 in Invocations
  4183 | D:5      | Reached XP level 7. HP: 28/40 MP: 7/7
  4359 | D:5      | Noticed Ijyb
  4372 | D:5      | Killed Ijyb
  4458 | D:5      | Found a blossoming altar of Fedhas.
  4458 | D:5      | Found a glowing silver altar of Zin.
  4583 | D:5      | Reached skill level 8 in Staves
  4599 | D:5      | Reached * piety under Okawaru
  4831 | D:5      | Reached XP level 8. HP: 44/44 MP: 10/10
  4968 | D:5      | Identified the +1 leather armour "Nunezoh" {Rampage Regen+
                  | Int-4 Stlth+}
  5034 | D:5      | Reached skill level 9 in Staves
  5401 | D:6      | Found Cibischutt's General Store.
  5421 | D:6      | Reached ** piety under Okawaru
  5616 | D:5      | Reached skill level 10 in Staves
  6475 | D:6      | Reached XP level 9. HP: 42/48 MP: 11/11
  6505 | D:6      | Reached skill level 11 in Staves
  7321 | D:6      | Slain by an orc warrior

Illustrated notes

Levels and vault maps discovered:
D:1:      nagdon_arrival_zigzag_paths, layout_basic
D:2:      layout_rooms, chequers_ecumenical_altar_grove, minmay_tripent
D:3:      layout_rooms, overflow_temple_1_default,
          chequers_serial_rivers_large_a
D:4:      layout_basic, minmay_temple_entry_sparse_star, uniq_blork_the_orc
D:5:      layout_rooms, jmf_multi_god_temple, uniq_ijyb
D:6:      layout_rooms, serial_shops, shop
D:7:      layout_cave_pools, kennysheep_orc_sif_temple, serial_gnoll_camp,
          gnoll_camp_mini_doghouse, gnoll_camp_medium_02,
          gnoll_camp_mini_sergeant, gnoll_camp_mini_shop, enter_bailey_5,
          grunt_ministairs_6, uniq_maggie, uniq_prince_ribbit1
Temple:   nicolae_temple_no_exploring_needed

Skill      XL: |  1  2  3  4  5  6  7  8  9 |
---------------+----------------------------+-----
Staves         | 4 5 6 7 8 10 11 | 11.2
Bows           | 1 2 |  2.0
Invocations    | 1 2 3 |  3.0
Fighting       | |  2.1
Throwing       | |  1.7
Dodging        | |  2.4

Action                   |  1- 3 |  4- 6 |  7- 9 || total
-------------------------+-------+-------+-------++-------
Melee: Quarterstaff      |   108 |   152 |   257 ||   517
Throw: Throwing net      |     2 |       |     3 ||     5
       Boomerang         |     2 |       |       ||     2
       Dart              |       |     4 |     6 ||    10
Evoke: Wand              |       |       |     1 ||     1
  Use: Scroll            |     3 |     6 |     6 ||    15
       Potion            |       |       |     2 ||     2
 Stab: Held in net/web   |     2 |       |       ||     2
Armor: Leather armour    |    20 |       |       ||    20
       Chain mail        |    24 |    85 |   165 ||   274
Dodge: Dodged            |    55 |    53 |    90 ||   198

Table legend: (Time is in decaauts)
 A = Elapsed time spent in this place.
 B = Non-inter-level travel time spent in this place.
 C = Inter-level travel time spent in this place.
 D = Time resting spent in this place.
 E = Time spent auto-exploring this place.
 F = Levels seen in this place.
 G = Mean time per level.
                   A        B        C        D        E       F      G
               +--------+--------+--------+--------+--------+-----+--------+
         Total |   7293 |   7015 |    278 |   2622 |   3300 |   8 |  911.6 |
       Dungeon |   7279 |   7001 |    278 |   2622 |   3300 |   7 | 1039.9 |
        Temple |     14 |     14 |      0 |      0 |      0 |   1 |   14.0 |
               +--------+--------+--------+--------+--------+-----+--------+

Top non-repeatable levels by time:
     D:6: 1781 daAuts
     D:1: 1306 daAuts
     D:5: 1299 daAuts
     D:4: 1230 daAuts
     D:3: 823 daAuts
     D:2: 807 daAuts
     D:7: 30 daAuts
  Temple: 14 daAuts
